 Dungeon Crawl Stone Soup version 0.26-a0-958-gf3041fb45f (webtiles) character file.

Game seed: 11668839144459156428

34 lunkers the Grave Robber (level 3, -1/28 HPs)
             Began as a Deep Dwarf Necromancer on Dec 1, 2020.
             Slain by a gnoll
             ... wielding a +0 flail
              (5 damage)
             ... on level 1 of the Dungeon.
             The game lasted 00:01:49 (902 turns).

lunkers the Grave Robber (Deep Dwarf Necromancer)    Turns: 902, Time: 00:01:50

Health: -1/28      AC:  4    Str: 11    XL:     3   Next: 14%
Magic:  3/5        EV: 12    Int: 16    God:
Gold:   8          SH:  0    Dex: 13    Spells: 4/5 levels left

rFire    . . .     SeeInvis .   (no weapon)
rCold    . . .     Faith    .   (no shield)
rNeg     . . .     Spirit   .   a - +0 robe
rPois    .         Reflect  .   (no helmet)
rElec    .         Harm     .   j - +0 cloak
rCorr    .         Rampage  .   (no gloves)
MR       .....                  d - +0 pair of boots
Stlth    ++........             (no amulet)
HPRegen  0.00/turn              (no ring)
MPRegen  0.09/turn              (no ring)

@: non-regenerating
A: damage resistance, heal wounds, sense surroundings 1, no regeneration
a: Heal Wounds


You were on level 1 of the Dungeon.
You visited 1 branch of the dungeon, and saw 2 of its levels.

You collected 8 gold pieces.

Inventory:

Armour
 a - a +0 robe (worn)
 d - a +0 pair of boots (worn)
 j - a +0 cloak (worn)
Scrolls
 b - 5 scrolls of identify {unknown}
 e - a scroll of remove curse {unknown}
 f - a scroll of magic mapping {unknown}
 g - a scroll of teleportation {unknown}
Potions
 c - a potion of brilliance {unknown}
 h - 2 potions of heal wounds {unknown}
 i - a potion of attraction {unknown}
 k - a potion of haste {unknown}


   Skills:
 - Level 2.1 Dodging
 - Level 2.4 Stealth
 - Level 1.7 Spellcasting
 * Level 5.6 Necromancy


You had 4 spell levels left.
You knew the following spells:

 Your Spells              Type           Power        Failure   Level
a - Pain                  Necr           ###.         2%          1

Your spell library contained the following spells:

 Spells                   Type           Power        Failure   Level
 Animate Skeleton         Necr           ###...       2%          1
 Vampiric Draining        Necr           ###.......   6%          3
 Animate Dead             Necr           ###.......   22%         4
 Agony                    Necr           ###.....     52%         5


Dungeon Overview and Level Annotations

Branches:
Dungeon (2/15)

Altars:


Innate Abilities, Weirdness & Mutations

You are resistant to damage.
You can heal yourself by infusing magical energy.
You passively map a small area around you.
You do not regenerate.


Message History

Unknown command.
Unknown command.
The gnoll hits you with a +0 flail!
* * * LOW HITPOINT WARNING * * *
You climb upwards.
There is a stone staircase leading down here.
Casting: Pain (safe; 2% risk of failure)
Confirm with . or Enter, or press ? or * to list all spells.
Aiming: Pain (safe; 2% risk of failure)
Press: ? - help, Shift-Dir - straight line, f - gnoll
Aim: a gnoll, wielding a +0 flail (chance to defeat MR: 84%)
The gnoll writhes in agony.
The gnoll closely misses you.
Unknown command.
Casting: Pain (safe; 2% risk of failure)
Confirm with . or Enter, or press ? or * to list all spells.
Aiming: Pain (safe; 2% risk of failure)
Press: ? - help, Shift-Dir - straight line, f/p - gnoll
Aim: a gnoll, wielding a +0 flail (lightly wounded, chance to defeat MR: 84%)
The gnoll writhes in agony!
The gnoll hits you with a +0 flail!
You die...

........#...#######
........#.........#
........#.........#
........#.........#
........#.........#####
........#.............#
........#..(.^....###.#
........#.........###'###
........'.......@.#.....#
........#......g..#.....#
.###+####.........#..<..#
####.# ####......#.....#
.....# #####......#.....#
.....# #...#......###+###
.)...# #.#.#..........#
.....# #.#.......######
.....# #....######


You could see a gnoll.

Vanquished Creatures
  A gnoll (D:2)
  A dart slug (D:1)
  A bat (D:1)
  5 goblins (D:1)
  2 hobgoblins
  2 jackals (D:1)
  2 frilled lizards
  3 kobolds (D:1)
  4 rats
21 creatures vanquished.

Notes
Turn   | Place    | Note
-------+----------+-------------------------------------------
     0 | D:1      | lunkers the Deep Dwarf Necromancer began the quest for the
                  | Orb.
     0 | D:1      | Reached XP level 1. HP: 15/15 MP: 3/3
   161 | D:1      | Reached XP level 2. HP: 22/22 MP: 2/4
   242 | D:1      | Reached skill level 5 in Necromancy
   863 | D:2      | Reached XP level 3. HP: 12/28 MP: 1/5
   902 | D:1      | Slain by a gnoll

Illustrated notes

Levels and vault maps discovered:
D:1:      minmay_arrival_checkered_box, layout_basic,
          hangedman_decor_peaks_small, minmay_unequal
D:2:      layout_rooms, serial_corexii_hall, corexii_hall_statues_i,
          corexii_hall_statues_i, corexii_hall_statues_x,
          chequers_hall_statues_corner_a, minmay_misc_feat_columns, uniq_jessica

Skill      XL: |  1  2 |
---------------+-------+-----
Necromancy     | 5 |  5.6
Dodging        | |  2.1
Stealth        | |  2.4
Spellcasting   | |  1.7

Action                   || total
-------------------------++-------
Melee: Unarmed           ||     8
 Cast: Pain              ||    38
Armor: Robe              ||     2
Dodge: Dodged            ||    19

Table legend: (Time is in decaauts)
 A = Elapsed time spent in this place.
 B = Non-inter-level travel time spent in this place.
 C = Inter-level travel time spent in this place.
 D = Time resting spent in this place.
 E = Time spent auto-exploring this place.
 F = Levels seen in this place.
 G = Mean time per level.
                   A        B        C        D        E       F      G
               +--------+--------+--------+--------+--------+-----+--------+
         Total |    903 |    896 |      7 |     33 |    682 |   2 |  451.5 |
       Dungeon |    903 |    896 |      7 |     33 |    682 |   2 |  451.5 |
               +--------+--------+--------+--------+--------+-----+--------+

Top non-repeatable levels by time:
     D:1: 794 daAuts
     D:2: 109 daAuts
